 Dungeon Crawl Stone Soup version 0.24.0-41-g2ae2f7f1be (webtiles) character file.

Game seed: 8827384294054130471, levelgen mode: deterministic

396 Delamore the Cleaver (level 6, -7/51 HPs)
             Began as a Hill Orc Fighter on Dec 12, 2019.
             Mangled by a two-headed ogre
             ... wielding a +0 giant club
              (11 damage)
             ... on level 4 of the Dungeon.
             The game lasted 00:03:07 (3345 turns).

Delamore the Cleaver (Hill Orc Fighter)             Turns: 3345, Time: 00:03:08

Health: -7/51      AC:  9    Str: 21    XL:     6   Next: 82%
Magic:  6/6        EV:  7    Int:  8    God:
Gold:   38         SH:  9    Dex: 10    Spells: 5/5 levels left

rFire    + . .     SeeInvis .   a - +0 war axe
rCold    . . .     Gourm    .   c - +0 shield
rNeg     . . .     Faith    .   b - +0 scale mail
rPois    .         Spirit   .   (no helmet)
rElec    .         Reflect  .   (no cloak)
rCorr    .         Harm     .   (no gloves)
MR       .....                  (no boots)
Stlth    ..........             (no amulet)
HPRegen  0.17/turn              i - +3 ring of protection
MPRegen  0.10/turn              o - ring of protection from fire

@: no status effects
A: no striking features
a: no special abilities


You were on level 4 of the Dungeon.
You were very hungry.

You visited 1 branch of the dungeon, and saw 4 of its levels.

You collected 180 gold pieces.
You spent 142 gold pieces at shops.

Inventory:

Hand Weapons
 a - a +0 war axe (weapon)
Armour
 b - a +0 scale mail (worn)
 c - a +0 shield (worn)
Jewellery
 i - a +3 ring of protection (left hand)
 l - an uncursed ring of resist corrosion
 o - a ring of protection from fire (right hand)
Scrolls
 e - 4 scrolls of remove curse {unknown}
 g - a scroll of enchant weapon
 h - 2 scrolls of enchant armour {unknown}
 m - 4 scrolls of identify
 q - a scroll of magic mapping
Potions
 d - a potion of might
 j - a potion of curing {unknown}
 k - a potion of invisibility {unknown}
 n - a potion of mutation {unknown}
 p - a potion of brilliance {unknown}
Comestibles
 f - 5 rations


   Skills:
 - Level 3.6 Fighting
 + Level 9.3 Axes
 - Level 3.2 Armour
 - Level 3.2 Shields


You had 5 spell levels left.
You didn't know any spells.
Your spell library was empty.

Dungeon Overview and Level Annotations

Branches:
Dungeon (4/15)             Temple (0/1) D:4

Altars:
Dithmenos
Fedhas
Yredelemnul

Shops:
D:4 ?}((


Message History

The two-headed ogre is lightly wounded.
You slash the two-headed ogre!
The two-headed ogre is heavily wounded.
The two-headed ogre hits you with a +0 giant club.
The two-headed ogre hits you with a +0 giant spiked club.
You hit the two-headed ogre.
The two-headed ogre is heavily wounded.
The two-headed ogre hits you with a +0 giant club!
You block the two-headed ogre's attack.
You are too injured to fight recklessly!
You hit the two-headed ogre.
The two-headed ogre is severely wounded.
The two-headed ogre hits you with a +0 giant club!!
* * * LOW HITPOINT WARNING * * *
You block the two-headed ogre's attack.
You barely miss the two-headed ogre.
The two-headed ogre is severely wounded.
You block the two-headed ogre's attack.
The two-headed ogre hits you with a +0 giant spiked club!
You die...

#....#...# .# .# #
#..#......###..# ##.. #
#..#####........##... #
..## ##........... .. .#
#..####.... ... . #..#
..# ... ### #..# ##..###
#.# #..# #O....### #.##
##.## #@....... #..#
##...####.......# ...##
##...............#
#...###......###.#####.#
###..........# #.# #
#####.##..## ### #####.#
#.# ###


You could see a two-headed ogre.

Vanquished Creatures
  An ogre (D:4)
  A scorpion (D:4)
  A hound (D:3)
  An orc wizard (D:4)
  A hound skeleton (D:4)
  9 adders
  2 oozes (D:3)
  6 leopard geckos
  7 orcs
  A ball python (D:1)
  9 giant cockroaches
  9 goblins
  8 hobgoblins
  3 jackals (D:3)
  6 kobolds
  A quokka (D:4)
  6 bats
  10 frilled lizards
  A quokka skeleton (D:4)
  9 rats
92 creatures vanquished.

Vanquished Creatures (others)
  5 toadstools (D:1)
5 creatures vanquished.

Grand Total: 97 creatures vanquished

Notes
Turn   | Place    | Note
-------+----------+-------------------------------------------
     0 | D:1      | Delamore the Hill Orc Fighter began the quest for the Orb.
     0 | D:1      | Reached XP level 1. HP: 19/19 MP: 1/1
    31 | D:1      | Reached skill level 3 in Axes
   124 | D:1      | Reached XP level 2. HP: 22/26 MP: 2/2
   135 | D:1      | Reached skill level 4 in Axes
   457 | D:1      | Reached XP level 3. HP: 25/31 MP: 3/3
   801 | D:2      | Found a blossoming altar of Fedhas.
   804 | D:2      | You fall into a shaft and drop 1 floor!
   811 | D:3      | Reached skill level 5 in Axes
   876 | D:3      | Reached XP level 4. HP: 38/39 MP: 4/4
   950 | D:3      | Reached skill level 6 in Axes
  1358 | D:2      | Reached XP level 5. HP: 27/45 MP: 5/5
  1798 | D:2      | Reached skill level 7 in Axes
  2246 | D:3      | Found a basalt altar of Yredelemnul.
  2604 | D:4      | Noticed an ogre
  2613 | D:4      | Killed an ogre
  2613 | D:4      | Reached skill level 8 in Axes
  2613 | D:4      | Reached XP level 6. HP: 33/51 MP: 6/6
  2789 | D:4      | Found Gubypriy's Weapon Emporium.
  2843 | D:4      | Found Eliun's Weapon Emporium.
  2867 | D:4      | Found a shadowy altar of Dithmenos.
  2889 | D:4      | Found Zantapn's Gadget Shoppe.
  2898 | D:4      | Reached skill level 9 in Axes
  3197 | D:4      | Found Gipec's Magic Scroll Shoppe.
  3201 | D:4      | Bought a scroll of enchant weapon for 82 gold pieces
  3201 | D:4      | Bought a scroll of magic mapping for 38 gold pieces
  3201 | D:4      | Bought a scroll of identify for 22 gold pieces
  3242 | D:4      | Found a staircase to the Ecumenical Temple.
  3336 | D:4      | Noticed a two-headed ogre
  3345 | D:4      | Mangled by a two-headed ogre

Levels and vault maps discovered:
D:1:      ldierk_walled_garden, layout_basic
D:2:      layout_basic, chequers_serial_rivers_marsh, fedhas_altar_2
D:3:      minmay_chambers_of_twos, layout_basic, lemuel_round_altar,
          first_ration, minmay_close_crescents
D:4:      layout_layer_cave, nicolae_dithmenos_the_darkroom,
          minmay_temple_entry_arrows, serial_shops, nicolae_shop_trees,
          nicolae_shop_waterfront, shop, shop, kennysheep_generic_room_3

Skill      XL: |  1  2  3  4  5  6 |
---------------+-------------------+-----
Axes           | 3 4 5 6 8 9 |  9.3
Fighting       | |  3.6
Armour         | |  3.2
Shields        | |  3.2

Action                   |  1- 3 |  4- 6 || total
-------------------------+-------+-------++-------
Melee: War axe           |   119 |   216 ||   335
  Eat: Chunk             |       |     7 ||     7
Armor: Scale mail        |    60 |    99 ||   159
Dodge: Dodged            |    28 |    71 ||    99
Block: Shield            |    72 |   105 ||   177
